cohdb
Replays
Latest Replays
All Replays
Popular Replays
Top Player Replays
Match Explorer
How It Works
Community
CoH3 Stats
Reddit
Sign in to upload your games and track your stats! →
Sign in with Steam
5 years of experience in coh + playing for broken units vs Reakly
Match 30840104
Overview
Messages
Build Orders
End
Royal Engineer Section
Construct Section Command Post
Selects Heavy Armor Battlegroup
Infantry Section
Infantry Section
Infantry Section
Construct Platoon Command Post
Selects Rigorous Vehicle Training
Humber Armored Car
Construct Field Infirmary
Humber Armored Car
Vickers Machine Gun Team
Infantry Training
6-pounder Anti-tank Gun Team
Selects Crusader AA Medium Tank
Crusader AA Medium Tank
Infantry Section
Construct Company Command Post
Foot Guards Section
Foot Guards Section
Selects Churchill Black Prince Heavy Tank
Churchill Black Prince Heavy Tank
Selects Light Vehicle Withdraw and Refit
Selects Radio Net
Selects Recon Artillery
Unlock Towed 17-pounder Anti-tank Guns
17-pounder Anti-tank Gun Team
Recon Artillery
Crusader II Medium Tank
Recon Artillery
Crusader II Medium Tank
Crusader II Medium Tank
Recon Artillery
Reakly
experiencing skill issue
0
0
Comments
sign in to comment!
No comments posted yet!